Cogmind - Beta 14 @@@ ROGUE MODE // 2024.10.24 @ 17:22:18 Player: CrossedViper Result: Destroyed by XJ-SA1(R) with Subdweller Beam Cannon Performance ------------- Evolutions (0) 0 Regions Visited (2) 400 Robots Destroyed (31) 155 Value Destroyed (861) 861 Prototype IDs (0) 0 Alien Tech Used (0) 0 Bonus (0) 0 TOTAL SCORE: 1416 Bonus ------- None Cogmind --------- Core Integrity 0/250 Matter 300/300 Energy 194/200 System Corruption 0% Temperature Cool (18) Movement Walking (190) Ox1 Location -10/Subcaves Parts ------- > --- POWER (1) -------- Subdweller Power Source > --- PROPULSION (2) --- Aluminum Leg Aluminum Leg > --- UTILITY (2) ------ Large Storage Unit Core Shielding > --- WEAPON (2) ------- Subdweller Laser Subdweller Laser > --- INVENTORY (15) --- Meta Core Light Treads Aluminum Leg Subdweller Monowheel Subdweller Monowheel Disposable Heat Sink High-capacity Storage Unit Huge Storage Unit Subdweller Optics Seismic Detector Small Laser Particle Gun Light Assault Rifle Piercing Trap Scrap Shield Fragment (46) Peak State ------------ > --- POWER ------------ Subdweller Power Source > --- PROPULSION ------- Aluminum Leg Aluminum Leg > --- UTILITY ---------- Large Storage Unit Core Shielding > --- WEAPON ----------- Subdweller Laser Subdweller Laser > --- INVENTORY -------- Meta Core Light Treads Aluminum Leg Subdweller Monowheel Subdweller Monowheel Heat Sink Disposable Heat Sink High-capacity Storage Unit Huge Storage Unit Seismic Detector Small Laser Particle Gun Light Assault Rifle Piercing Trap [Rating: 13] Favorites ----------- Power Light Ion Engine Engine Light Ion Engine Propulsion Light Treads Treads Light Treads Leg Aluminum Leg Utility Large Storage Unit Device Seismic Detector Storage Large Storage Unit Protection Core Shielding Weapon Small Laser Energy Gun Small Laser Ballistic Gun Light Assault Rifle Build | -11 -10 -10 ------- Run | Yrd Mat Sub Slots Evolved . | . . . Power . | . . . Propulsion . | . . . Utility . | . . . Weapon . | . . . Parts Attached 27 | 7 8 12 Power 4 | 1 1 2 Engine 4 | 1 1 2 Core . | . . . Reactor . | . . . Propulsion 6 | 2 1 3 Treads 3 | 2 1 . Leg 3 | . . 3 Wheel . | . . . Hover . | . . . Flight . | . . . Utility 9 | 2 4 3 Device 3 | 1 1 1 Storage 4 | 1 2 1 Processor . | . . . Hackware . | . . . Protection 2 | . 1 1 Artifact . | . . . Weapon 8 | 2 2 4 Energy Gun 6 | 1 1 4 Energy Cannon . | . . . Ballistic Gun 2 | 1 1 . Ballistic Cannon . | . . . Launcher . | . . . Special Weapon . | . . . Impact Weapon . | . . . Slashing Weapon . | . . . Piercing Weapon . | . . . Special Melee Weapon . | . . . Unidentified Prototypes . | . . . Parts Lost 6 | . 2 4 Power 3 | . 1 2 Propulsion 3 | . 1 2 Utility . | . . . Weapon . | . . . Highest Loss Streak 2 | . 1 2 To Critical Strikes . | . . . Average Slot Usage (%) 99 | . 99 99 Engine 13 | . 13 13 Treads 13 | . 27 7 Leg 14 | . . 20 Device 10 | . 9 11 Storage 13 | . 14 13 Protection 3 | . 4 2 Energy Gun 24 | . 17 27 Ballistic Gun 3 | . 10 . Peak Build Rating 13 | 7 10 13 Average Rating 8 | 5 8 8 On Entrance 5 | . 7 8 Naked Turns . | . . . Heaviest Build 34 | 12 29 34 Greatest Support 40 | 40 40 40 Greatest Overweight (x) 2 | . . 2 Average Overweight (x) . | . . 1 Largest Inventory Capacity 15 | 8 15 15 Average Capacity 14 | 7 13 14 Most Carried 15 | 5 14 15 Average Carried 12 | 3 9 13 Final Capacity 15 | 8 15 15 Final Carried 15 | 4 14 15 Class Distribution -------------------- 54% | Scavenger-Mutant 45% | Mutant Dominant Class ---------------- Mutant | -10/Materials Scavenger-Mutant | -10/Subcaves Resources | -11 -10 -10 ----------- Run | Yrd Mat Sub Matter Collected 597 | 239 230 128 Remotely . | . . . Salvage Created 1308 | 29 833 446 Parts 74 | 5 48 21 Haulers Intercepted 1 | . 1 . Recyclers Shooed 4 | 1 3 . Parts Field Recycled . | . . . Retrieved Matter . | . . . Parts Self-Destructed 7 | . . 7 Prevented . | . . . Kills | -11 -10 -10 ------- Run | Yrd Mat Sub Combat Hostiles Destroyed 23 | . 14 9 Guns 22 | . 13 9 Classes Destroyed 9 | 1 6 2 Builder 1 | . 1 . Tunneler 1 | 1 . . Hauler 1 | . 1 . Recycler 3 | . 3 . Watcher 2 | . 2 . Swarmer 3 | . 3 . Grunt 12 | . 11 1 Artisan 1 | . . 1 Subdweller 8 | . . 8 Best Kill Streak 4 | 1 4 3 Combat Bots Only 3 | . 3 3 Max Kills in Single Turn 1 | 1 1 1 Gunslinging . | . . . Exploded . | . . . Melee . | . . . Uniques/NPCs Destroyed . | . . . Combat | -11 -10 -10 -------- Run | Yrd Mat Sub Hostile Shots Fired 106 | . 56 50 Missed 26 | . 10 16 Damage Taken 1266 | . 586 680 Core 269 | . 111 158 Absorbed by Shields . | . . . Redirected to Shielding 16 | . . 16 Core Remaining (%) 100 | 100 . . Volleys Fired 111 | 5 63 43 Largest 2 | 2 2 2 Hottest 120 | 70 115 120 Shots Fired 219 | 10 124 85 Gun 219 | 10 124 85 Cannon . | . . . Launcher . | . . . Special . | . . . Kinetic 55 | 5 37 13 Thermal 164 | 5 87 72 Explosive . | . . . Electromagnetic . | . . . Robot Hit Streak 26 | 1 12 26 Robot Miss Streak 5 | 5 3 2 Penetration Max . | . . . Secondary Targets 2 | . 1 1 Max Gunslinging Chain 1 | . 1 1 Shots Hit Robots 153 | 3 84 66 Core Hits 65 | 2 38 25 Critical Kills 1 | . 1 . Critical Parts Destroyed . | . . . Critical Strikes 5 | . 2 3 Burn 3 | . 1 2 Destroy 2 | . 1 1 Melee Attacks . | . . . Impact . | . . . Slashing . | . . . Piercing . | . . . Sneak Attacks . | . . . Combat Hostiles . | . . . Follow-up Attacks . | . . . Damage Inflicted 1850 | 43 1016 791 Guns 1850 | 43 1016 791 Cannons . | . . . Explosions . | . . . Melee . | . . . Ramming . | . . . Kinetic 325 | 18 206 101 Thermal 1525 | 25 810 690 Explosive . | . . . Electromagnetic . | . . . Impact . | . . . Slashing . | . . . Piercing . | . . . Highest Corruption . | . . . Average Corruption . | . . . Corruption Purged . | . . . Corruption Blocked . | . . . Overload Shots . | . . . Overflow Damage . | . . . Projectiles . | . . . Explosions . | . . . Melee . | . . . Knockbacks . | . . . Impact . | . . . Kinetic . | . . . Secondary . | . . . Self-Inflicted Damage . | . . . Shots . | . . . Rammed . | . . . Targets Rammed . | . . . Kicked . | . . . Crushed . | . . . Highest Temperature 392 | 90 392 9 Average Temperature 110 | 44 118 2 Received Heat Transfer 519 | . 321 198 Effects 7 | . 7 . Energy Bleed 1 | . 1 . Interference 4 | . 4 . Matter Decay 2 | . 2 . Siege Activations . | . . . Robots Corrupted . | . . . Combat Hostiles . | . . . Parts Fried . | . . . Impact Corruptions . | . . . Robots Melted 1 | . 1 . Combat Hostiles 1 | . 1 . Parts Melted 6 | . 3 3 Heat Transferred 4010 | 74 2294 1642 Parts Sabotaged . | . . . Parts Stolen . | . . . Parts Stripped . | . . . Power Chain Reactions . | . . . Alert | -11 -10 -10 ------- Run | Yrd Mat Sub Peak Influence 182 | 5 182 . Initial 3 | . 3 . Average 94 | 1 103 . Maximum Alert Level . | . . . Low Security (%) 100 | 100 100 . Level 1 . | . . . Level 2 . | . . . Level 3 . | . . . Level 4 . | . . . Level 5 . | . . . High Security . | . . . Max Security . | . . . Squads Dispatched 3 | . 3 . Investigation 3 | . 3 . Extermination . | . . . Reinforcement . | . . . Assault . | . . . Garrison . | . . . Intercept . | . . . Searches Triggered . | . . . Construction Impeded . | . . . Haulers Reinforced . | . . . Active Scanning Responses . | . . . Cargo Convoy Interrupts . | . . . Stealth | -11 -10 -10 --------- Run | Yrd Mat Sub Distress Signals 1 | . 1 . Communications Jammed . | . . . Distress Signals . | . . . Times Spotted 31 | . 18 13 Peak Tracking Total 3 | . 3 3 Tactical Retreats 1 | . 1 . Traps | -11 -10 -10 ------- Run | Yrd Mat Sub Traps Triggered . | . . . Indirectly . | . . . Trap Hack Attempts . | . . . Triggered . | . . . Disarmed . | . . . Reprogrammed . | . . . Reused . | . . . Traps Extracted . | . . . Installed . | . . . Triggered 2 | . . 2 Most Traps Carried 1 | . . 1 Machines | -11 -10 -10 ---------- Run | Yrd Mat Sub Machines Disabled . | . . . Max in Single Turn . | . . . Machines Repaired . | . . . Machines Dismantled . | . . . Machines Sabotaged . | . . . Overloaded Fab Kills . | . . . Hacking | -11 -10 -10 --------- Run | Yrd Mat Sub Machines Accessed 5 | . 4 1 Terminals 3 | . 3 . Fabricators . | . . . Repair Stations . | . . . Recycling Units 1 | . 1 . Scanalyzers . | . . . Garrison Access . | . . . Total Hacks 19 | . 16 3 Successful 9 | . 6 3 Failed 9 | . 9 . Catastrophic . | . . . Database Lockouts 1 | . 1 . Manual 14 | . 14 . Terminals 15 | . 15 . Fabricators . | . . . Repair Stations . | . . . Recycling Units 1 | . 1 . Scanalyzers . | . . . Garrison Access . | . . . Terminal Hacks 8 | . 5 3 Record 3 | . . 3 Part Schematic 1 | . 1 . Robot Analysis 3 | . 3 . Branch Access Points 1 | . 1 . Fabricator Hacks . | . . . Repair Station Hacks . | . . . Recycling Unit Hacks . | . . . Scanalyzer . | . . . Garrison Access Hacks . | . . . Unauthorized Hacks 1 | . 1 . Terminals . | . . . Fabricators . | . . . Repair Stations . | . . . Recycling Units 1 | . 1 . Tunnel 1 | . 1 . Scanalyzers . | . . . Garrison Access . | . . . Data Cores Recovered . | . . . Used . | . . . Hacking Detections 3 | . 3 . Full Trace Events 3 | . 3 . Feedback Events . | . . . Feedback Blocked . | . . . Robot Schematics Acquired . | . . . Robots Built . | . . . Authchips . | . . . Time . | . . . Total Robot Build Rating . | . . . Part Schematics Acquired 1 | . 1 . Parts Built . | . . . Authchips . | . . . Time . | . . . Total Part Build Rating . | . . . Parts Repaired . | . . . Time . | . . . Parts Recycled . | . . . Recycled Matter . | . . . Retrieved Matter . | . . . Retrieved Components . | . . . Parts Scanalyzed . | . . . Part Schematics Acquired . | . . . Parts Damaged . | . . . Bothacking | -11 -10 -10 ------------ Run | Yrd Mat Sub Used RIF Installer . | . . . Robots Hacked . | . . . Non-combat . | . . . Combat . | . . . Robot Hacks Applied . | . . . Relay Couplers Released . | . . . Fabnet Peak Effective % . | . . . Robots Rewired . | . . . Allies Hacked . | . . . Hacks Repelled . | . . . Allies | -11 -10 -10 -------- Run | Yrd Mat Sub Total Allies . | . . . Largest Group . | . . . Highest-Rated Group . | . . . Highest-Rated Ally . | . . . Total Orders . | . . . Ally Attacks . | . . . Total Damage . | . . . Kills . | . . . Allies Corrupted . | . . . Allies Melted . | . . . Intel | -11 -10 -10 ------- Run | Yrd Mat Sub Robot Analysis Total 3 | . 3 . Derelict Logs Recovered . | . . . Drone Launches . | . . . Drone Recoveries . | . . . Exploration | -11 -10 -10 ------------- Run | Yrd Mat Sub Turns Passed 4665 | 139 1381 3145 Spaces Moved 1409 | 72 515 822 Core 5 | 5 . . Treads 584 | 67 515 2 Legs 820 | . . 820 Wheels . | . . . Hover . | . . . Flight . | . . . Fastest Speed 50 | 50 160 120 Average Speed 183 | 152 160 200 Slowest Speed 260 | 160 160 260 Overloaded Moves . | . . . Propulsion Burnouts . | . . . Robots Hopped . | . . . Cave-ins Triggered . | . . . Exploration Rate (%) 36 | 4 73 33 Regions Visited 2 Branch Regions 1 Pre-discovered Areas 1 | . 1 . Known Exits Taken . | . . . Unknown Exits Taken 2 | 1 1 . Scrap Searched 2 | . . 2 Spaces Dug . | . . . Terrain Destroyed . | . . . Melee . | . . . Projectile . | . . . AOE . | . . . Terrain Rammed . | . . . Walls Destroyed . | . . . Machines Disabled . | . . . Actions | -11 -10 -10 --------- Run | Yrd Mat Sub Total 3279 | 89 955 2235 Wait 1686 | . 355 1331 Move 1408 | 72 514 822 Hop . | . . . Pick Up 36 | 5 12 19 Fast Attach 11 | 6 1 4 Attach 9 | 1 2 6 Detach . | . . . Swap 7 | . 5 2 Drop 11 | . 3 8 Fire 111 | 5 63 43 Melee . | . . . Ram . | . . . Kick . | . . . Crush . | . . . Escape Stasis . | . . . Rewire . | . . . Trap . | . . . Miscellaneous . | . . . Route ------- -11/Scrapyard -10/Materials (discovered 3 exits: [*Mat] / *Min / *Sub) -10/Subcaves (discovered 1 exit: [*Mat]) History --------- Turn | Location | Event 8 | -11/Scrapyard | Discovered new exit (range 16) 140 | -11/Scrapyard | Entered Materials 313 | -10/Materials | Build established: Mutant 535 | -10/Materials | Central database locked down 535 | -10/Materials | Identified exit to Mines 724 | -10/Materials | Discovered new exit (range 6) 1493 | -10/Materials | Discovered new exit (range 4) 1521 | -10/Materials | Entered Subcaves 1531 | -10/Subcaves | Core integrity fell below 50% 2056 | -10/Subcaves | Build established: Scavenger-Mutant 3201 | -10/Subcaves | A swath of the cavern ceiling suddenly collapsed 3930 | -10/Subcaves | Core integrity fell below 20% 4277 | -10/Subcaves | A Subdweller sparked back to life 4277 | -10/Subcaves | A Subdweller sparked back to life 4330 | -10/Subcaves | Found Prototype Power Core 4544 | -10/Subcaves | Visited Clippyterm 4550 | -10/Subcaves | Learned Factory fabricator intel 4565 | -10/Subcaves | Discovered new exit (range 8) 4611 | -10/Subcaves | Build established: Mutant 4665 | -10/Subcaves | Ambushed by angry Subdweller bent on revenge 4666 | -10/Subcaves | Destroyed by XJ-SA1(R) with Subdweller Beam Cannon Last Messages --------------- with the algorithm, because no matter how much data I collect to feed it, half the time it still manages to suggest unhelpful sample queries and responses. --DD-NU8 >>Record "Authchips" It looks like you're interested in fabrication without breaking the rules, would you like help? Data stored: Factory fabricator intel. >>Record "Letterhead" It looks like you're writing a letter, sorry I don't know how to do that. 04565_ EXIT=FOUND 04652_ VO-WLU(u) tweaks Twisted Machinery. 04662_ VO-WLU(u) builds Twisted Machinery. 04664_ VO-WLU(u) cries out in pain. 04664_ VO-WLU(u) destroyed. 04665_ XJ-SA1(R) angrily emerges from the Twisted Machinery. 04665_ XJ-SA1(R): "ECOKILL!" Map ----- +----------------------------------------------------+ | | | | | | | | | | | | | ?????????????????????????????????????????????????? | | ?????????????????????????????????????????????????? | | ?????????????????????????????????????????????????? | | ?????????????????????????????????????????????????? | | ?????????????????????????????????????????????????? | | ?????????????????????????????????????????????????? | | ?????????????????????????????????????????????????? | | ?????????????????????????????????????????????????? | | ?????????????????????????????????????????????????? | | ???????????????????????????????????#######???????? | | ???????????????????????????????????#"""""#???????? | | ???????????????????????????????????#""X""#???????? | | ???????????????????????????????????#" "#???????? | | ???????????????????????????????????### ###???????? | | ????????????????????????#####???###### ###???????? | | ?????????????????????####" "#???# # ##??????? | | ???????????????# "#### "#????# ##?????? | | ????????????? ""R "##?#### #?????? | | ?????????????" "" <%""### # ##????? | | ??????????????# # "" @ "" #????? | | ????????????? " "" #????? | | ???????????? ## #### ##????? | | ????????????? ## ## #?## # ### ##?????? | | ???????????????#??####???# ##??????? | | ?????????????????????????# # # ## #####??? | | ?????????????????????????## ##### #### ## ##?? | | ??????????????????????????###???# #??# ##? | | ???????????????????????????????# #??# #? | | ???????????????????????????????## # ??## ##? | | ????????????????????????????????# ??### ##? | | ????????????????????????????????### ???## ## | | ????????????????????????????????### ### # | | ??????????????????????????????? # | | ??????????????????????????????? # | | ??????????????????????????????? ## ## ## | | ???????????????????????????????? ####### ## | | ???????????????????????????????? ###?## # | | ??????????????????????????????? ## ## | | ???????????????????????????????? ?# #? | | ??????????????????????????????????### #? | | ????????????????????????????????????## #? | | ????????????###??????????????????????# #? | | ???????????## ########????????? #??#### # ## | | ???????????# ####????? #??????# # # | +----------------------------------------------------+ Best States ------------- Heat Dissipation 39 Energy Generation 15 Energy Capacity 250 Matter Stores 300 Matter Capacity 300 Sight Range 16 Terrain Scan Density 10 Core Shielding 20 Evasion (%) 50 Recoil Reduction 2 Item Schematics ----------------- Huge Storage Unit | -10/Materials | Hacked Robot Schematics ------------------ None Fabricated ------------ Nothing Alien Tech Used ----------------- None Achievements -------------- None Challenges ------------ None Game ------ Seed LauncherSpreadScreen Manual? 0 Play Time 00:14:14 Cumulative 900.8 hours Start 2024.10.24 @ 17:08:59 End 2024.10.24 @ 17:22:18 Sessions 1 Manual Loads 0 Difficulty Rogue Special Mode None Game No. 562 Rogue 555 Adventurer 0 Explorer 7 Win Type - Total 61 Types 22/6/21/2/0/1/6/1/2 Lore% 85 Gallery% 95 Achievement% 85 Wizard Run 0 Options --------- Layout 2 ASCII 0 Keyboard 0 Movement Mouse Keybinds 0 Fullscreen 1 Font 24/Smallcaps Map View 50x44 Zoom Use 0% Tactical HUD 1 Map Filters NONE Filters NONE Steam 1 RUN: 3ce63c04-64eb-410c-84de-aed24edee619